 Dungeon Sprint DCSS version 0.20-a0-555-gf6ae02d (webtiles) character file.

132 Gingerlord the Skirmisher (level 5, -1/46 HPs)
             Began as a Barachian Fighter on Feb 4, 2017.
             Was an Initiate of Okawaru.
             Slain by a wraith (8 damage)
             ... in the Dungeon (Sprint IX: "|||||||||||||||||||||||||||||").
             The game lasted 00:01:19 (666 turns).

Gingerlord the Skirmisher (Barachian Fighter)        Turns: 666, Time: 00:01:20

Health: -1/46      AC: 14    Str: 16    XL:     5   Next: 15%
Magic:  5/7        EV:  8    Int:  6    God:    Okawaru [......]
Gold:   0          SH:  9    Dex: 10    Spells: 4/4 levels left

rFire    . . .     SeeInvis .   p - +2 scimitar (vamp)
rCold    . . .     Gourm    .   f - +1 chain mail
rNeg     . . .     Faith    .   c - +0 shield
rPois    .         Spirit   .   a - +0 helmet
rElec    .         Reflect  .   (no cloak)
rCorr    .         Harm     .   (no gloves)
MR       .....     NoTele   +   (no boots)
Stlth    ..........             (no amulet)
Regen    0.2/turn               r - +2 ring of evasion
                                q - +2 ring of protection

@: slowed, very slow
A: swims, slowness 1, strong legs 1
a: Hop, Renounce Religion


You were in the Dungeon.
You worshipped Okawaru.
Okawaru was noncommittal.
You were not hungry.

You visited 1 branch

Inventory:

Hand Weapons
 p - a +2 vampiric scimitar (weapon)
Armour
 a - a +0 helmet (worn)
 c - a +0 shield (worn)
 f - a +1 chain mail (worn)
Jewellery
 q - a +2 ring of protection (left hand)
 r - a +2 ring of evasion (right hand)
Wands
 o - a wand of acid (7/15)
Scrolls
 k - 2 scrolls of blinking
 m - 3 scrolls of remove curse
 n - 2 scrolls of amnesia
Potions
 d - a potion of might
 e - 4 potions of curing
 g - 3 potions of heal wounds
 h - a potion of haste
 i - 4 potions of magic
 j - a potion of berserk rage
 l - a potion of invisibility


   Skills:
 + Level 5.6 Fighting
 + Level 5.0 Long Blades
 + Level 5.5 Armour
 + Level 3.9 Dodging
 + Level 5.1 Shields
 + Level 2.7 Invocations


You had 4 spell levels left.
You didn't know any spells.

Dungeon Overview and Level Annotations

Branches:
Dungeon (1/1)

Altars:
Cheibriados
Dithmenos
Elyvilon
Fedhas
Gozag
Hepliaklqana
Kikubaaqudgha
Makhleb
Nemelex Xobeh
Okawaru
Qazlal
Ru
Sif Muna
Trog
Uskayaw
Vehumet
Xom
Yredelemnul
Zin
The Shining One
Beogh
Jiyva
Lugonu


Innate Abilities, Weirdness & Mutations

You can swim through water.
You cover ground slowly.
You can hop short distances.


Message History

The wraith is lightly damaged.
The wraith hits you but does no damage. The wraith hits you.
You closely miss the wraith.
The wraith is lightly damaged.
The wraith hits you!
* * * LOW HITPOINT WARNING * * *
The wraith drains your vigour!
You feel yourself slow down.
You closely miss the wraith.
The wraith is lightly damaged.
You block the wraith's attack. x2
Your shield and chain mail prevent you from hitting the wraith.
The wraith is lightly damaged.
You block the wraith's attack. The wraith hits you.
* * * LOW HITPOINT WARNING * * *
The wraith drains your vigour!
You feel as though you will be slow longer.
You hit the wraith.
The wraith is lightly damaged.
The wraith hits you!
You die...

▓.▓
▓.▓
▓.▓
▓.▓
▓S▓
▓S▓
▓W▓
▓@▓
▓.▓
▓.▓
▓.▓
▓[▓
▓)▓
▓|▓
▓.▓
▓.▓


You could see a wraith and 2 adders.

Vanquished Creatures
  A scorpion (D)
  A hound (D)
  A jelly (D)
  An adder (D)
  An adder zombie (D)
  A dart slug (D)
  An orc (D)
  A giant cockroach (D)
  A goblin (D)
  A hobgoblin (D)
  A jackal (D)
  A kobold (D)
  A frilled lizard (D)
13 creatures vanquished.

Notes
Turn   | Place    | Note
-------+----------+-------------------------------------------
     0 | D        | Gingerlord the Barachian Fighter began the quest for the Orb.
     0 | D        | Reached XP level 1. HP: 18/18 MP: 1/1
    16 | D        | Reached skill level 1 in Dodging
   322 | D        | Noticed a hound
   335 | D        | Killed a hound
   335 | D        | Reached XP level 2. HP: 15/26 MP: 2/2
   335 | D        | Reached XP level 3. HP: 18/31 MP: 3/3
   561 | D        | Found a roughly hewn altar of Beogh.
   561 | D        | Found a snail-covered altar of Cheibriados.
   561 | D        | Found a shadowy altar of Dithmenos.
   561 | D        | Found a white marble altar of Elyvilon.
   561 | D        | Found a blossoming altar of Fedhas.
   561 | D        | Found an opulent altar of Gozag.
   562 | D        | Found a hazy altar of Hepliaklqana.
   563 | D        | Found a viscous altar of Jiyva.
   564 | D        | Found an ancient bone altar of Kikubaaqudgha.
   565 | D        | Found a corrupted altar of Lugonu.
   566 | D        | Found a burning altar of Makhleb.
   567 | D        | Found a sparkling altar of Nemelex Xobeh.
   568 | D        | Found an iron altar of Okawaru.
   569 | D        | Found a stormy altar of Qazlal.
   570 | D        | Found a sacrificial altar of Ru.
   571 | D        | Found a deep blue altar of Sif Muna.
   572 | D        | Found a bloodstained altar of Trog.
   573 | D        | Found a hide-covered altar of Uskayaw.
   574 | D        | Found a radiant altar of Vehumet.
   575 | D        | Found a shimmering altar of Xom.
   576 | D        | Found a basalt altar of Yredelemnul.
   577 | D        | Found a glowing silver altar of Zin.
   578 | D        | Found a glowing golden altar of the Shining One.
   588 | D        | Became a worshipper of Warmaster Okawaru
   640 | D        | Noticed a wraith
   640 | D        | Noticed a scorpion
   650 | D        | Reached skill level 5 in Fighting
   650 | D        | Reached skill level 5 in Armour
   650 | D        | Reached skill level 1 in Invocations
   650 | D        | Reached XP level 4. HP: 20/39 MP: 3/5
   659 | D        | Reached skill level 5 in Long Blades
   659 | D        | Reached skill level 5 in Shields
   659 | D        | Reached XP level 5. HP: 13/46 MP: 3/7
   666 | D        | Slain by a wraith

Vault maps used:
D:        linesprint

Skill      XL: |  1  2  3  4 |
---------------+-------------+-----
Dodging        | 2 3 |  3.9
Fighting       | 4 5 |  5.6
Long Blades    | 3 4 5 |  5.0
Armour         | 4 5 |  5.5
Shields        | 4 5 |  5.1
Invocations    | 1 2 |  2.7

Action                   |  1- 3 |  4- 6 || total
-------------------------+-------+-------++-------
Melee: Long sword        |    50 |       ||    50
       Scimitar          |    10 |    15 ||    25
  Use: Potion            |       |     1 ||     1
  Eat: Bread ration      |     1 |       ||     1
Armor: Scale mail        |    22 |       ||    22
       Chain mail        |     3 |     4 ||     7
Dodge: Dodged            |    15 |     1 ||    16
Block: Shield            |    25 |     8 ||    33
       Rpst.: Long sword |     4 |       ||     4
